 Dungeon Crawl Stone Soup version 0.25-a0-166-g16436c4407 (webtiles) character file.

Game seed: 17328936763297298949, levelgen mode: deterministic

1184 Leeroy the Destroyer (level 8, -9/57 HPs)
             Began as a White Draconian Conjurer on Nov 24, 2019.
             Was a Follower of Wu Jian.
             Killed from afar by a guardian serpent (21 damage)
             ... with a bolt of poison
             ... on level 1 of the Abyss.
             The game lasted 00:14:27 (5829 turns).

Leeroy the Destroyer (White Draconian Conjurer)     Turns: 5829, Time: 00:14:27

Health: -9/57      AC:  9    Str: 12    XL:     8   Next: 19%
Magic:  11/11      EV: 12    Int: 15    God:    Wu Jian [*.....]
Gold:   295        SH:  0    Dex: 13    Spells: 4/11 levels left

rFire    . . .     SeeInvis .   w - +1 short sword (elec)
rCold    + . .     Gourm    .   (no shield)
rNeg     . . .     Faith    .   (armour unavailable)
rPois    .         Spirit   .   (helmet restricted)
rElec    .         Reflect  .   J - +0 cloak
rCorr    .         Harm     .   f - +0 pair of gloves
MR       .....                  t - +0 pair of boots
Stlth    ++........             (no amulet)
HPRegen  0.19/turn              (no ring)
MPRegen  0.12/turn              (no ring)

@: lethally poisoned (-9 -> -17)
A: breathe frost, unfitting armour, cold resistance 1, cold-blooded, AC +6
a: Breathe Frost, Renounce Religion


You were on level 1 of the Abyss.
You worshipped Wu Jian.
Wu Jian was aware of your devotion.
You were not hungry.

You visited 2 branches of the dungeon, and saw 10 of its levels.
You visited the Abyss 1 time.
You also visited: Sewer.

You collected 295 gold pieces.

Inventory:

Hand Weapons
 a - a +3 trident of venom
 h - a +0 short sword
 o - a +0 dagger
 u - a +0 rapier
 w - a +1 short sword of electrocution (weapon)
 G - a +0 flail of draining
 I - a +0 falchion
 K - a +2 whip of draining
Missiles
 r - a throwing net (quivered)
 s - 32 sling bullets
 y - 16 poisoned darts
 A - 2 curare-tipped darts
Armour
 c - a +0 buckler
 f - a +0 pair of gloves (worn)
 t - a +0 pair of boots (worn)
 J - a +0 cloak (worn)
Jewellery
 q - a cursed amulet of inaccuracy {unknown}
 z - an uncursed ring of see invisible {unknown}
Wands
 F - a wand of flame (20)
Scrolls
 d - 6 scrolls of identify {unknown}
 i - a scroll of fog {unknown}
 l - 2 scrolls of magic mapping {unknown}
 m - 2 scrolls of immolation {unknown}
 p - a scroll of teleportation {unknown}
 v - a scroll of amnesia {unknown}
 B - 2 scrolls of blinking {unknown}
 C - a scroll of random uselessness {unknown}
 E - 2 scrolls of remove curse {unknown}
 H - a scroll of vulnerability {unknown}
 L - a scroll of fear {unknown}
Potions
 e - a potion of brilliance {unknown}
 g - a potion of agility {unknown}
 j - a potion of haste {unknown}
 k - a potion of magic {unknown}
 n - a potion of might {unknown}
 x - a potion of berserk rage {unknown}
 D - a potion of curing {unknown}
Comestibles
 b - 9 rations


   Skills:
 + Level 5.1 Short Blades
 - Level 1.7 Dodging
 - Level 1.7 Stealth
 - Level 2.0 Spellcasting
 - Level 9.2 Conjurations


You had 4 spell levels left.
You knew the following spells:

 Your Spells              Type           Power        Failure   Level  Hunger
a - Magic Dart            Conj           ####         1%          1    #......
b - Searing Ray           Conj           ####..       1%          2    ###....
c - Iskenderun's Mystic   Conj           ####....     4%          4    #####..

Your spell library contained the following spells:

 Spells                   Type           Power        Failure   Level  Hunger
 Dazzling Spray           Conj/Hex       ###...       10%         3    ###....
 Force Lance              Conj/Tloc      ###.....     32%         4    #####..
 Fulminant Prism          Conj/Hex       ###.......   32%         4    #####..


Dungeon Overview and Level Annotations

Branches:
Dungeon (11/15)            Temple (1/1) D:4           Sewer (visited)
   Lair: D:8-11         Orc: D:9-12

Altars:
Ashenzari
Dithmenos
Fedhas
Kikubaaqudgha
Makhleb
Nemelex Xobeh
Ru
Sif Muna
Trog
Uskayaw
Wu Jian
Xom
Yredelemnul
Zin
The Shining One

Annotations:
D:10 Erica, Psyche


Innate Abilities, Weirdness & Mutations

You can breathe waves of freezing cold.
You can buffet flying creatures when you breathe cold.
Your icy white scales are hard. (AC +6)
You cannot fit into any form of body armour.
Your flesh is cold resistant. (rC+)
You are cold-blooded and may be slowed by cold attacks.


Message History

The orb spider pulsates with a strange energy.
The orb spider weaves a glowing orb of energy.
An orb of destruction comes into view.
The orb of destruction hits you!!
* * * LOW HITPOINT WARNING * * *
The orb spider pulsates with a strange energy.
An insubstantial wisp comes into view.
Casting: Searing Ray (safe; 1% risk of failure)
Confirm with . or Enter, or press ? or * to list all spells.
Okay, then.
A small abomination comes into view.
You enter the shallow water.
Moving in this stuff is going to be slow.
A guardian serpent comes into view.
A naga comes into view.
It is wielding a +1 long sword of holy wrath.
The guardian serpent shouts!
You hear a shout!
The naga shouts!
The guardian serpent coils itself and waves its upper body at you.
The bolt of poison hits you!!
You are poisoned.
You die...

.#. #.###.# # # ###
#.# # ... ##.###
####.# . ##.# #
#..#.# #.≈#. .. . #
#.##s.# ≈≈.. .N .
#.# #.#.v## #.≈ .#
## #... .###.# ..
#.#.#.###§≈#.#
#..##.sv.≈@S#
...#.###x≈≈#...#
#.###.#.≈≈≈##.###...
. #...#..#. ≈# . ...
##. ##.. .... .# #≈.
#.# #. ≈.. .# .###


You could see a guardian serpent, an orb spider, a naga, a small abomination and
an insubstantial wisp.

Vanquished Creatures
  A hippogriff (D:10)
  Menkaure (D:7)
  An orc warrior (D:7)
  An ice beast (D:4)
  An ogre (D:4)
  A crocodile (Sewer)
  A bullfrog (D:10)
  A crimson imp (D:7)
  A bullfrog zombie (D:10)
  An orc priest (D:7)
  A hound (D:2)
  3 orc wizards
  A centaur skeleton (D:4)
  An iguana (D:9)
  A hound skeleton (D:10)
  A howler monkey skeleton (D:4)
  A worker ant zombie (D:7)
  4 gnolls (D:4)
  5 adders
  An ooze (D:1)
  An adder skeleton (D:4)
  2 worms (D:2)
  A dart slug (D:2)
  4 leopard geckos
  15 orcs
  4 ball pythons
  6 giant cockroaches
  2 goblins
  8 hobgoblins
  2 jackals (Sewer)
  2 quokkas
  5 bats
  6 frilled lizards
  12 kobolds
  7 rats
106 creatures vanquished.

Notes
Turn   | Place    | Note
-------+----------+-------------------------------------------
     0 | D:1      | Leeroy the Draconian Conjurer began the quest for the Orb.
     0 | D:1      | Reached XP level 1. HP: 14/14 MP: 3/3
   258 | D:1      | Found a shattered altar of Ashenzari.
   297 | D:1      | Reached XP level 2. HP: 20/20 MP: 5/5
   731 | D:2      | Reached skill level 5 in Conjurations
   731 | D:2      | Reached XP level 3. HP: 20/26 MP: 3/6
   738 | D:2      | Learned a level 2 spell: Searing Ray
  1370 | D:2      | Reached XP level 4. HP: 27/33 MP: 7/7
  1376 | D:2      | Learned a level 4 spell: Iskenderun's Mystic Blast
  2111 | D:2      | Reached skill level 6 in Conjurations
  2393 | D:2      | Found a sacrificial altar of Ru.
  3146 | D:3      | Reached XP level 5. HP: 33/38 MP: 8/8
  3392 | D:4      | Noticed an ice beast
  3412 | D:4      | Found a staircase to the Ecumenical Temple.
  3421 | Temple   | Entered the Ecumenical Temple
  3509 | Temple   | Became a worshipper of the Wu Jian Council
  3521 | D:4      | Noticed an ogre
  3526 | D:4      | Killed an ogre
  3526 | D:4      | Reached skill level 7 in Conjurations
  3574 | D:4      | Killed an ice beast
  3574 | D:4      | Reached XP level 6. HP: 45/45 MP: 0/9
  3704 | D:4      | Found a bloodstained altar of Trog.
  3723 | D:4      | Found a glowing drain.
  3736 | Sewer    | Entered a sewer
  3817 | Sewer    | Reached skill level 8 in Conjurations
  3901 | D:4      | Your scales start taking on an icy white colour.
  3901 | D:4      | Reached XP level 7. HP: 36/50 MP: 10/10
  3901 | D:4      | Gained mutation: Your flesh is cold resistant. (rC+) [White
                  | Draconian growth]
  3996 | D:4      | Found a shimmering blue altar of Sif Muna.
  4025 | D:4      | You fall into a shaft and drop 3 floors!
  4050 | D:7      | Noticed Menkaure
  4071 | D:7      | Reached * piety under Wu Jian
  4419 | D:7      | Killed Menkaure
  4419 | D:7      | Reached skill level 9 in Conjurations
  4771 | D:7      | Reached skill level 1 in Short Blades
  5174 | D:7      | You fall into a shaft and drop 2 floors!
  5330 | D:10     | Entered Level 10 of the Dungeon
  5482 | D:10     | Noticed a hippogriff
  5485 | D:10     | Killed a hippogriff
  5485 | D:10     | Reached XP level 8. HP: 57/57 MP: 11/11
  5526 | D:10     | Reached skill level 5 in Short Blades
  5584 | D:10     | Noticed Psyche
  5652 | D:11     | Noticed a brown ugly thing
  5697 | D:10     | Noticed Erica
  5707 | D:10     | Cast into level 1 of the Abyss (Psyche)
  5804 | Abyss:1  | Noticed an orb spider
  5828 | Abyss:1  | Noticed a guardian serpent
  5829 | Abyss:1  | Killed from afar by a guardian serpent

Levels and vault maps discovered:
D:1:      kennysheep_arrival_forest, layout_loops_ring,
          nicolae_ashenzari_panopticon
D:2:      minmay_evil_eye, layout_loops_corners, nicolae_ru_path_of_blood
D:3:      layout_basic, first_ration, kennysheep_generic_room_6
D:4:      cheibrodos_greedy_goblins, layout_cave_pools, led_sif_book,
          temple_fountains, cheibrodos_sewer_entry_sluice, bloody_trog
D:7:      layout_loops_corners, grunt_qazlal_clouds, uniq_menkaure
D:8:      layout_basic, tgw_kikubaaqudgha
D:9:      layout_long_grid, lemuel_crystal_altar, the_bakery, onia_ninara_cookie
D:10:     layout_roguey, erik_orc_1, enter_trove_6, uniq_psyche, uniq_erica
D:11:     cheibrodos_helix_gallery, layout_gridville, lair_entry_dummy
Temple:   cyrus_circular_temple
Abyss:1:  base:
D:3

Skill      XL: |  1  2  3  4  5  6  7  8 |
---------------+-------------------------+-----
Conjurations   | 5 6 7 8 9 |  9.2
Short Blades   | 4 5 |  5.1
Dodging        | |  1.7
Stealth        | |  1.7
Spellcasting   | |  2.0

Action                   |  1- 3 |  4- 6 |  7- 9 || total
-------------------------+-------+-------+-------++-------
Melee: Short sword       |    86 |   225 |    83 ||   394
       Unarmed           |     8 |       |       ||     8
       Tailslap          |     6 |    15 |    10 ||    31
       Rapier            |       |     1 |       ||     1
 Cast: Magic Dart        |     2 |     1 |       ||     3
       Searing Ray       |       |     3 |     2 ||     5
       Iskenderun's Myst |       |     3 |     2 ||     5
Invok: Lunge             |       |     4 |     5 ||     9
       Whirlwind         |       |       |     5 ||     5
 Abil: Breathe Frost     |       |       |     1 ||     1
  Use: Potion            |       |     1 |     1 ||     2
 Stab: Sleeping          |     3 |     2 |     1 ||     6
  Eat: Chunk             |     1 |    10 |     3 ||    14
       Ration            |       |       |     1 ||     1
Armor: Skin              |    32 |    93 |    30 ||   155
Dodge: Dodged            |    53 |   148 |    42 ||   243

Table legend:
 A = Non-vault XP
 B = Vault XP
 C = Vault XP percentage of total XP
 D = Non-vault monster count
 E = Vault monster count
 F = Vault count percentage of total count
                 A         B        C        D         E       F
            +---------+---------+-------+---------+---------+-------
      Total |    1392 |     300 |  17.7 |      91 |      15 |  14.2
            +---------+---------+-------+---------+---------+-------
        D:1 |      25 |       0 |   0.0 |      12 |       0 |   0.0
        D:2 |     112 |       5 |   4.3 |      23 |       3 |  11.5
        D:3 |      61 |       5 |   7.6 |      21 |       3 |  12.5
        D:4 |     448 |       2 |   0.4 |      21 |       2 |   8.7
        D:7 |     314 |     172 |  35.4 |       8 |       1 |  11.1
        D:9 |      37 |       0 |   0.0 |       2 |       0 |   0.0
       D:10 |     395 |       0 |   0.0 |       4 |       0 |   0.0
      Sewer |       0 |     116 | 100.0 |       0 |       6 | 100.0
            +---------+---------+-------+---------+---------+-------
